 Dungeon Crawl Stone Soup version 0.28-a0-1152-g9c71ebef14 (webtiles) character file.

Game seed: 12766886713174908326

156 cheechan the Skirmisher (level 5, 0/37 HPs)
             Began as an Octopode Chaos Knight on Dec 14, 2021.
             Was a Plaything of Xom.
             Killed by nerve-wracking pain
             ... invoked by a shadow imp
             ... summoned by Xom
              (3 damage)
             ... on level 4 of the Dungeon.
             The game lasted 00:10:16 (2418 turns).

cheechan the Skirmisher (Octopode Chaos Knight)     Turns: 2418, Time: 00:10:16

Health: 0/37       AC:  1    Str: 11    XL:     5   Next: 38%
Magic:  5/6        EV: 14    Int: 15    God:    Xom [.*....]
Gold:   101        SH:  0    Dex: 17    Spells: 5/6 levels left

rFire   . . .      SeeInvis .   a - +0 short sword (chaos)
rCold   . . .      Faith    .   (no shield)
rNeg    . . .      Spirit   .   (helmet restricted)
rPois   .          Reflect  .   (no amulet)
rElec   .          Harm     .   b - +6 ring of dexterity
rCorr   .          Rampage  .   (no ring)
Will    .....      Rage     1%  (no ring)
Stlth   ++++......              (no ring)
HPRegen 0.12/turn               (no ring)
MPRegen 0.10/turn               (no ring)
                                (no ring)
                                (no ring)

@: no status effects
A: almost no armour, amphibious, 8 rings, camouflage 1, gelatinous body 1,
(nimble swimmer 1), tentacles, berserk 1, screaming 1, weak 1
a: Renounce Religion


You were on level 4 of the Dungeon.
You worshipped Xom.
You were a plaything of Xom.
You visited 1 branch of the dungeon, and saw 4 of its levels.

You collected 101 gold pieces.

Inventory:

Hand Weapons
 a - a +0 short sword of chaos (weapon)
Missiles
 d - 9 bolts
 g - 29 arrows
Jewellery
 b - a +6 ring of dexterity (left tentacle)
Scrolls
 c - a scroll of identify
 i - a scroll of immolation {unknown}
 j - a scroll of teleportation
Potions
 e - 2 potions of curing
 f - 2 potions of heal wounds
 h - a potion of haste


   Skills:
 + Level 3.8 Fighting
 + Level 3.7 Short Blades
 + Level 2.8 Dodging
 + Level 3.4 Stealth
 + Level 1.0 Spellcasting
 + Level 1.2 Summonings


You had 5 spell levels left.
You knew the following spells:

 Your Spells              Type           Power      Damage    Failure   Level
a - Summon Small Mammal   Summ           16%        N/A       14%         1

Your spell library contained the following spells:

 Spells                   Type           Power      Damage    Failure   Level
 Pain                     Necr           0%         1d4       24%         1
 Call Canine Familiar     Summ           4%         N/A       41%         3
 Summon Guardian Golem    Hex/Summ       2%         N/A       50%         3


Dungeon Overview and Level Annotations

Branches:
Dungeon (4/15)
 Temple: D:4-7

Altars:
Fedhas

Annotations:
D:3 2 transporters, pigah's ghost, amateur OpAE
D:4 Pikel


Innate Abilities, Weirdness & Mutations

You cannot wear most types of armour.
You are amphibious.
You can wear up to eight rings at the same time.
Your skin changes colour to match your surroundings (Stealth+).
Your rubbery body absorbs attacks. (AC +1, EV +1)
((You are camouflaged near water. (Stealth+)))
You have tentacles for arms and can constrict up to eight enemies at once.
You tend to lose your temper in combat.
You occasionally shout uncontrollably at your foes.
You are weak. (Str -2)


Message History

A lemure comes into view.
Your rat bites the lemure.
Your rat bites the lemure but does no damage.
Pikel barely misses your rat.
The lemure hits your rat but does no damage.
You hit the lemure.
The lemure is almost dead.
You constrict the lemure.
You kill the lemure!
That felt strangely unrewarding. "Time to have some fun!"
You are now a plaything of Xom.
Your rat barely misses the shadow imp.
A lemure comes into view.
Pikel barely misses your rat.
Your rat bites the shadow imp.
Pikel closely misses your rat. The shadow imp barely misses you.
The shadow imp misses you.
Your rat bites the shadow imp.
Pikel hits your rat with a +1 whip of electrocution.
Your rat dies!
Your rat's corpse disappears in a puff of smoke!
The crimson imp hits your rat.
Your rat dies!
Your rat's corpse disappears in a puff of smoke!
The shadow imp completely misses you.
The crimson imp blinks!
The crimson imp blinks!
The shadow imp gestures at you. Pain shoots through your body!
* * * LOW HITPOINT WARNING * * *
Found a stone staircase leading down.
The crimson imp shouts, "Escape, thou bumbling ditch-delivered flax-wench!"
The crimson imp closely misses you. The crimson imp closely misses you.
The stone staircase leading up slides away as you move beside it!
The crimson imp blinks!
The shadow imp gestures at you. Pain shoots through your body!
You die...
Xom thinks this is hilarious!

. .......... #.
#.........
.#.###........>.
.................
.................
................
................
.#...#.@.....#
........§...5#
#.......5#.#.#
....#>..5....##
#.. #....K....##
#. ###5##5....##
# #..........#
#..........###
#....†........


You could see Pikel, 2 lemures, a crimson imp (summoned) and 2 shadow imps.

Vanquished Creatures
  An ogre (D:3)
  2 lemures (D:4)
  2 adders
  A worm (D:3)
  An orc (D:3)
  2 endoplasms
  A giant cockroach (D:2)
  5 goblins
  4 hobgoblins
  6 kobolds
  A quokka (D:1)
  4 ball pythons
  8 bats
  3 frilled lizards
  4 rats
45 creatures vanquished.

Vanquished Creatures (collateral kills)
  An endoplasm (D:2)
  2 goblins
  A rat (D:2)
4 creatures vanquished.

Grand Total: 49 creatures vanquished

Notes
Turn   | Place    | Note
-------+----------+-------------------------------------------
     0 | D:1      | cheechan the Octopode Chaos Knight began the quest for the
                  | Orb.
     0 | D:1      | Reached XP level 1. HP: 16/16 MP: 1/1
   159 | D:1      | Reached XP level 2. HP: 11/21 MP: 2/2
   176 | D:1      | XOM: smoke on damage
   516 | D:1      | XOM: give mutations
   516 | D:1      | Gained mutation: You tend to lose your temper in combat.
                  | [Xom's mischief]
   516 | D:1      | Gained mutation: You are weak. (Str -2) [Xom's mischief]
   516 | D:1      | Gained mutation: You occasionally shout uncontrollably at
                  | your foes. [Xom's mischief]
   829 | D:2      | Learned a level 1 spell: Summon Small Mammal
   926 | D:2      | Reached skill level 1 in Stealth
  1015 | D:2      | Reached XP level 3. HP: 19/26 MP: 3/3
  1284 | D:2      | Found a blossoming altar of Fedhas.
  1610 | D:3      | Found a transporter.
  1614 | D:3      | Found a transporter.
  1615 | D:3      | Noticed a necrophage
  1615 | D:3      | Noticed pigah's ghost (amateur OpAE)
  1883 | D:3      | Reached XP level 4. HP: 21/33 MP: 2/4
  1898 | D:3      | Found a faded altar of an unknown god.
  1913 | D:3      | Got Plato's Collected Works on Sinister Rites
  2138 | D:3      | Noticed an ogre
  2147 | D:3      | XOM: silly message
  2152 | D:3      | XOM: swap monsters
  2153 | D:3      | XOM: confusion (+ monsters)
  2153 | D:3      | Killed an ogre
  2154 | D:3      | Reached skill level 1 in Spellcasting
  2154 | D:3      | Reached skill level 1 in Summonings
  2154 | D:3      | Reached XP level 5. HP: 37/37 MP: 1/6
  2189 | D:3      | XOM: god gift: scale mail {god gift}
  2200 | D:3      | XOM: summons 2 hostile shadow creatures
  2339 | D:3      | XOM: summons 3 hostile demons
  2340 | D:3      | Noticed a neqoxec
  2381 | D:4      | Noticed Pikel
  2394 | D:4      | Noticed a lemure
  2400 | D:4      | Noticed a lemure
  2406 | D:4      | XOM: repel stairs
  2408 | D:4      | Killed a lemure
  2410 | D:4      | Noticed a lemure
  2411 | D:4      | Killed a lemure
  2411 | D:4      | XOM: summons 3 hostile demons
  2411 | D:4      | Noticed a lemure
  2418 | D:4      | Killed from afar by a shadow imp

Illustrated notes

Levels and vault maps discovered:
D:1:      matt_arrival_refuge, layout_basic, minmay_box_of_dots
D:2:      layout_basic, basic_altar, lemuel_flame_loot_1
D:3:      layout_basic, shapermc_ecumenical_altar_rom_forum,
          gammafunk_ghost_mausoleum
D:4:      layout_rooms, minmay_temple_entry_waves, saegor_snake_ambush,
          uniq_pikel

Skill      XL: |  1  2  3  4 |
---------------+-------------+-----
Stealth        | 1 2 3 |  3.4
Spellcasting   | 1 |  1.0
Summonings     | 1 |  1.2
Fighting       | |  3.8
Short Blades   | |  3.7
Dodging        | |  2.8

Action                   |  1- 3 |  4- 6 || total
-------------------------+-------+-------++-------
Melee: Short sword       |    64 |    27 ||    91
       Constrict         |    23 |     5 ||    28
       Tentacles         |    10 |     4 ||    14
 Cast: Summon Small Mamm |    13 |     5 ||    18
  Use: Scroll            |     9 |     2 ||    11
 Stab: Distracted        |     3 |       ||     3
       Sleeping          |     5 |     2 ||     7
Armor: Skin              |     8 |     1 ||     9
Dodge: Dodged            |    52 |    18 ||    70

Table legend: (Time is in decaauts)
 A = Elapsed time spent in this place.
 B = Non-inter-level travel time spent in this place.
 C = Inter-level travel time spent in this place.
 D = Time resting spent in this place.
 E = Time spent auto-exploring this place.
 F = Levels seen in this place.
 G = Mean time per level.
                   A        B        C        D        E       F      G
               +--------+--------+--------+--------+--------+-----+--------+
         Total |   2422 |   2422 |      0 |      6 |      0 |   4 |  605.5 |
       Dungeon |   2422 |   2422 |      0 |      6 |      0 |   4 |  605.5 |
               +--------+--------+--------+--------+--------+-----+--------+

Top non-repeatable levels by time:
     D:3: 863 daAuts
     D:1: 801 daAuts
     D:2: 710 daAuts
     D:4: 47 daAuts
